 Dungeon Crawl Stone Soup version 0.24.0-123-gd5b16e6ec5 (webtiles) character file.

Game seed: 17517577954862341055, levelgen mode: deterministic

3224 McKennaii the Zephyrmancer (level 9, 0/46 (47) HPs)
             Began as a Tengu Air Elementalist on Jan 12, 2020.
             Was a Believer of Sif Muna.
             Slain by a hound (6 damage)
             ... on level 8 of the Dungeon.
             The game lasted 00:22:40 (7812 turns).

McKennaii the Zephyrmancer (Tengu Air Elementalist) Turns: 7812, Time: 00:22:41

HP:   0/46 (47)     AC:  5    Str:  8    XL:     9   Next: 98%
MP:   19/19         EV: 12    Int: 22    God:    Sif Muna [**....]
Gold: 189           SH:  0    Dex: 15    Spells: 13/21 levels left

rFire    + . .     SeeInvis .   i - +7 long sword of Pulistah {slice, Int+3 Stlth+}
rCold    . . .     Gourm    .   (no shield)
rNeg     . . .     Faith    .   h - +2 robe {rF+}
rPois    .         Spirit   .   (helmet restricted)
rElec    .         Reflect  .   n - scarf {repulsion}
rCorr    .         Harm     .   m - +0 pair of gloves
MR       .....     Rnd*Rage +   (boots unavailable)
Stlth    +++.......             (no amulet)
HPRegen  0.15/turn              a - -5 ring of evasion (curse)
MPRegen  0.16/turn              (no ring)

@: flying quickly and evasively, repel missiles, quick
A: beak, talons 3, berserk 1, mutation resistance 1, able to fly
a: Stop Flying, Channel Magic, Renounce Religion


You were on level 8 of the Dungeon.
You worshipped Sif Muna.
Sif Muna was pleased with you.
You were not hungry.

You visited 2 branches of the dungeon, and saw 9 of its levels.

You collected 449 gold pieces.
You spent 260 gold pieces at shops.

Inventory:

Hand Weapons
 i - the +7 long sword of Pulistah (weapon) {slice, Int+3 Stlth+}
   (You found it on level 4 of the Dungeon)

   It inflicts extra damage upon your enemies.
   It affects your intelligence (+3).
   It makes you more stealthy.
Armour
 h - a +2 robe of fire resistance (worn)
 m - a +0 pair of gloves (worn)
 n - a scarf of repulsion (worn)
Jewellery
 a - a cursed -5 ring of evasion (left hand)
Scrolls
 b - a scroll of blinking {unknown}
 d - 3 scrolls of teleportation
 k - a scroll of enchant weapon
 p - a scroll of brand weapon
 s - 4 scrolls of identify
Potions
 e - 3 potions of heal wounds {unknown}
 g - 2 potions of agility {unknown}
 j - a potion of mutation
 l - 2 potions of degeneration {unknown}
 o - a potion of cancellation {unknown}
 q - 2 potions of brilliance {unknown}
 r - a potion of haste {unknown}
Comestibles
 c - 11 rations


   Skills:
 + Level 1.3 Fighting
 + Level 2.2 Long Blades
 + Level 4.0 Dodging
 + Level 2.6 Stealth
 + Level 6.5 Spellcasting
 + Level 7.6 Conjurations
 * Level 12.4 Air Magic


You had 13 spell levels left.
You knew the following spells:

 Your Spells              Type           Power        Failure   Level  Hunger
a - Shock                 Conj/Air       ####         1%          1    None
b - Swiftness             Chrm/Air       ####....     1%          2    None
c - Lightning Bolt        Conj/Air       ######....   4%          5    #####..

Your spell library contained the following spells:

 Spells                   Type           Power        Failure   Level  Hunger
 Magic Dart               Conj           ####         1%          1    None
 Searing Ray              Conj           #####.       1%          2    None
 Static Discharge         Conj/Air       ######..     1%          3    #......
 Airstrike                Air            ######....   1%          4    ###....
 Iskenderun's Mystic Bla  Conj           #####...     3%          4    ###....
 Dazzling Spray           Conj/Hex       ###...       5%          3    #......
 Force Lance              Conj/Tloc      ###.....     19%         4    ###....
 Fulminant Prism          Conj/Hex       ###.......   19%         4    ###....


Dungeon Overview and Level Annotations

Branches:
Dungeon (8/15)             Temple (1/1) D:5
   Lair: D:8-11

Altars:
Ashenzari
Cheibriados
Dithmenos
Elyvilon
Fedhas
Gozag
Hepliaklqana
Kikubaaqudgha
Makhleb
Nemelex Xobeh
Okawaru
Qazlal
Ru
Sif Muna
Trog
Uskayaw
Vehumet
Wu Jian
Xom
Yredelemnul
Zin
The Shining One

Shops:
D:7 *


Innate Abilities, Weirdness & Mutations

You have a beak for a mouth.
You have claws for feet.
You can fly continuously.
You tend to lose your temper in combat.
You are somewhat resistant to further mutation.


Message History

Reactivating autopickup.
The hound bites you but does no damage.
The sky beast flickers out of sight!
Deactivating autopickup; reactivate with Ctrl-A.
The hound bites you.
* * * LOW HITPOINT WARNING * * *
The hound bites you but does no damage.
A sky beast appears from thin air!
Reactivating autopickup.
The hound bites you.
* * * LOW HITPOINT WARNING * * *
The sky beast flickers out of sight!
Deactivating autopickup; reactivate with Ctrl-A.
The hound barely misses you.
A sky beast appears from thin air!
Reactivating autopickup.
The hound barely misses you.
You riposte.
You closely miss the hound.
There is a stone staircase leading up here.
The hound bites you.
You die...

####..†.##
###.####
#.....####
#......).###
#..........##
##.....T.Y..###
#............##
#.............##
##........h@...#
#.............#
##.........####
#.....<.###
#....#### #.####
.# .. .. .. ..


You could see a troll, a sky beast and a hound.

Vanquished Creatures
  A two-headed ogre (D:7)
  Prince Ribbit (D:7)
  A hungry ghost (D:7)
  Duvessa (D:5)
  An orc warrior (D:7)
  A phantom (D:6)
  An ice beast (D:6)
  A necrophage (D:7)
  A centaur (D:7)
  2 bullfrogs (D:6)
  Dowan (D:5)
  A water moccasin skeleton (D:6)
  2 scorpions
  4 killer bees (D:5)
  2 howler monkeys
  4 crimson imps
  A bullfrog zombie (D:6)
  4 hounds
  5 orc priests (D:7)
  6 orc wizards
  2 bullfrog skeletons
  2 iguanas
  8 worker ants
  A killer bee zombie (D:7)
  A hound zombie (D:6)
  8 adders
  2 shadow imps
  An adder skeleton (D:5)
  2 worms (D:2)
  4 dart slugs
  6 leopard geckos
  22 orcs
  A ball python (D:3)
  7 bats
  3 giant cockroaches (D:6)
  6 hobgoblins
  8 jackals
  4 quokkas
  2 frilled lizards
  A giant cockroach zombie (D:6)
  7 goblins
  8 kobolds
  A leopard gecko zombie (D:5)
  4 rats
  A bush (Temple)
153 creatures vanquished.

Notes
Turn   | Place    | Note
-------+----------+-------------------------------------------
     0 | D:1      | McKennaii the Tengu Air Elementalist began the quest for
                  | the Orb.
     0 | D:1      | Reached XP level 1. HP: 10/10 MP: 4/4
   194 | D:1      | Reached XP level 2. HP: 15/15 MP: 3/6
   846 | D:2      | Reached XP level 3. HP: 19/19 MP: 2/7
   962 | D:2      | Reached skill level 5 in Air Magic
  1066 | D:2      | You fall into a shaft and drop 2 floors!
  1079 | D:4      | Reached XP level 4. HP: 3/24 MP: 2/9
  1554 | D:4      | Got an iridescent long sword
  1606 | D:4      | Gained mutation: You can fly continuously. [Tengu growth]
  1606 | D:4      | Reached XP level 5. HP: 17/28 MP: 5/10
  1922 | D:2      | Reached skill level 6 in Air Magic
  2955 | D:3      | Reached XP level 6. HP: 32/32 MP: 9/11
  3377 | D:4      | Reached skill level 7 in Air Magic
  3656 | D:5      | Entered Level 5 of the Dungeon
  3790 | D:5      | Found a shadowy altar of Dithmenos.
  3851 | D:5      | Reached XP level 7. HP: 36/36 MP: 9/14
  3899 | D:5      | Reached skill level 8 in Air Magic
  4032 | D:5      | Noticed Duvessa
  4032 | D:5      | Noticed Dowan
  4034 | D:5      | Found a staircase to the Ecumenical Temple.
  4041 | D:5      | Identified the +7 long sword of Pulistah {slice, Int+3
                  | Stlth+} (You found it on level 4 of the Dungeon)
  4044 | Temple   | Entered the Ecumenical Temple
  4117 | Temple   | Became a worshipper of Sif Muna the Loreminder
  4487 | D:5      | Killed Dowan
  4502 | D:5      | Killed Duvessa
  4752 | D:5      | Learned a level 2 spell: Swiftness
  4758 | D:5      | Learned a level 5 spell: Lightning Bolt
  4954 | D:6      | Reached skill level 9 in Air Magic
  4954 | D:6      | Reached XP level 8. HP: 41/41 MP: 12/15
  5092 | D:6      | Reached skill level 1 in Fighting
  5114 | D:6      | Reached skill level 5 in Conjurations
  5566 | D:6      | Reached skill level 10 in Air Magic
  5804 | D:6      | Found a sparkling altar of Nemelex Xobeh.
  5914 | D:6      | Reached * piety under Sif Muna
  6102 | D:7      | Reached skill level 5 in Spellcasting
  6210 | D:7      | Noticed a two-headed ogre
  6461 | D:7      | Noticed Prince Ribbit
  6684 | D:7      | Reached XP level 9. HP: 47/47 MP: 7/17
  6730 | D:7      | Found Viokastri's Assorted Antiques.
  6735 | D:7      | Found a sacrificial altar of Ru.
  6753 | D:7      | Killed Prince Ribbit
  6753 | D:7      | Reached skill level 1 in Long Blades
  6753 | D:7      | Reached skill level 11 in Air Magic
  6797 | D:7      | Killed a two-headed ogre
  7025 | D:7      | Gained mutation: You tend to lose your temper in combat.
                  | [potion of mutation]
  7025 | D:7      | Gained mutation: You are somewhat resistant to further
                  | mutation. [potion of mutation]
  7043 | D:7      | Reached ** piety under Sif Muna
  7136 | D:7      | Reached skill level 12 in Air Magic
  7447 | D:7      | Bought a silvery potion for 30 gold pieces
  7447 | D:7      | Bought a bubbling green potion for 30 gold pieces
  7447 | D:7      | Bought a fizzy yellow potion for 30 gold pieces
  7447 | D:7      | Bought an encrusted copper ring for 170 gold pieces
  7760 | D:8      | Noticed a troll
  7812 | D:8      | Slain by a hound

Levels and vault maps discovered:
D:1:      lightli_arrival_chessboard, layout_loops_ring, minmay_tetromino_l2
D:2:      layout_basic, minivault_11, minmay_tiny_reverse_x
D:3:      layout_loops_ring
D:4:      layout_loops_ring, first_ration
D:5:      layout_rooms, grunt_dithmenos_smoke_and_mirrors,
          minmay_temple_entry_wispy, minmay_misc_feat_four_crosses,
          lemuel_another_geyser, uniq_duvessa
D:6:      layout_basic, nemelex_diamond_rough_becter
D:7:      wander_river, layout_cave_pools, serial_shops, nicolae_shop_stone,
          glass_columns_a, nicolae_ru_path_of_blood, uniq_prince_ribbit1
D:8:      layout_cave_pods, erik_lair_island, serial_glass, glass_columns_a,
          glass_columns_b, uniq_joseph
Temple:   kilobyte_greek_temple

Skill      XL: |  1  2  3  4  5  6  7  8  9 |
---------------+----------------------------+-----
Air Magic      | 5 6 7 9 10 12 | 12.4
Conjurations   | 2 3 4 6 7 |  7.6
Spellcasting   | 3 4 5 6 |  6.5
Dodging        | 3 4 |  4.0
Fighting       | 1 |  1.3
Long Blades    | 2 |  2.2
Stealth        | |  2.6

Action                   |  1- 3 |  4- 6 |  7- 9 || total
-------------------------+-------+-------+-------++-------
Melee: Unarmed           |       |     8 |       ||     8
       Kick              |       |     2 |    21 ||    23
       Long sword        |       |       |    76 ||    76
       Peck              |       |       |     6 ||     6
 Cast: Shock             |    54 |   132 |   232 ||   418
       Lightning Bolt    |       |       |    11 ||    11
 Abil: Fly               |       |     1 |       ||     1
  Use: Scroll            |       |       |     9 ||     9
       Potion            |       |       |     4 ||     4
  Eat: Chunk             |       |     8 |    11 ||    19
       Ration            |       |       |     2 ||     2
Armor: Robe              |     1 |     8 |    33 ||    42
       Skin              |       |       |    35 ||    35
Dodge: Dodged            |     1 |    30 |    84 ||   115
       Deflected         |       |       |     5 ||     5
       Rpst.: Long sword |       |       |    19 ||    19
